 Dungeon Crawl Stone Soup version 0.24.0-28-g17ded55e90 (webtiles) character file.

Game seed: 15782058838094151487, levelgen mode: deterministic

246 PentaManta the Sneak (level 6, 0/39 HPs)
             Began as an Octopode Assassin on Nov 13, 2019.
             Was a Follower of Uskayaw.
             Slain by an orc
             ... wielding a +0 whip
              (5 damage)
             ... on level 3 of the Dungeon.
             The game lasted 00:03:19 (1176 turns).

PentaManta the Sneak (Octopode Assassin)            Turns: 1176, Time: 00:03:19

Health: 0/39       AC:  1    Str: 10    XL:     6   Next: 11%
Magic:  0/6        EV: 14    Int: 14    God:    Uskayaw [*.....]
Gold:   129        SH:  4    Dex: 15    Spells: 5/5 levels left

rFire    . . .     SeeInvis .   a - +2 dagger
rCold    . . .     Gourm    .   g - +0 buckler
rNeg     . . .     Faith    .   (helmet restricted)
rPois    .         Spirit   +   e - amulet of guardian spirit
rElec    .         Reflect  .   (no ring)
rCorr    .         Harm     .   (no ring)
MR       .....                  (no ring)
Stlth    ++++......             (no ring)
HPRegen  0.13/turn              (no ring)
MPRegen  0.10/turn              (no ring)
                                (no ring)
                                (no ring)

@: no status effects
A: almost no armour, stealthy swim, amphibious, 8 rings, constrict 8, camouflage
1, gelatinous body 1
a: Stomp, Renounce Religion


You were on level 3 of the Dungeon.
You worshipped Uskayaw.
Uskayaw was noncommittal.
You were hungry.

You visited 1 branch of the dungeon, and saw 3 of its levels.

You collected 129 gold pieces.

Inventory:

Hand Weapons
 a - a +2 dagger (weapon)
Missiles
 b - 5 poisoned darts (quivered)
 n - 7 datura-tipped darts
Armour
 g - a +0 buckler (worn)
Jewellery
 e - an amulet of guardian spirit (around mantle)
 o - an uncursed ring of ice
 q - an uncursed ring of resist corrosion {unknown}
Scrolls
 f - 2 scrolls of identify {unknown}
 i - 3 scrolls of teleportation {unknown}
 k - 3 scrolls of blinking {unknown}
 m - 2 scrolls of remove curse {unknown}
 r - a scroll of enchant armour {unknown}
Potions
 h - a potion of degeneration {unknown}
 j - 2 potions of heal wounds {unknown}
 l - a potion of lignification {unknown}
 p - a potion of resistance {unknown}
 s - a potion of curing {unknown}
 t - a potion of flight {unknown}
Comestibles
 d - 4 rations


   Skills:
 - Level 2.0 Fighting
 + Level 3.3 Short Blades
 - Level 2.0 Throwing
 * Level 3.8 Dodging
 + Level 6.5 Stealth
 + Level 1.9 Shields


You had 5 spell levels left.
You didn't know any spells.
Your spell library was empty.

Dungeon Overview and Level Annotations

Branches:
Dungeon (3/15)

Altars:
Nemelex Xobeh
Uskayaw
Wu Jian


Innate Abilities, Weirdness & Mutations

You cannot wear most types of armour.
You are very stealthy in the water. (Stealth+)
You are amphibious.
You can wear up to eight rings at the same time.
You can use your tentacles to constrict eight enemies at once.
Your skin changes colour to match your surroundings (Stealth+).
Your rubbery body absorbs attacks. (AC +1, EV +1)


Message History

The orc rages.
The orc rages.
The orc closely misses you. The orc barely misses you. The orc misses you.
The orc barely misses you.
You hear a shout!
The orc rages.
The orc rages.
The orc hits you with a +0 flail!
* * * LOW HITPOINT WARNING * * *
The orc rages.
You block the orc's attack.
The orc is no longer berserk.
The orc misses you. The orc closely misses you.
The orc hits you with a +0 flail.
* * * LOW HITPOINT WARNING * * *
Found a stone staircase leading up.
The orc hits you with a +0 whip.
You die...

#.# #.# #..# #.# #..#
#.# #<.# #.# #..# #.#
#..# #.# #..# #
###.###..# .######
#.....#.@####
...o.(###.###.#.o...##
()..#o.o..# #.o..#oo.#
###.#####.###....o...#
#.# #.....#.##...# #.#
#####.#.###### #.#
#.#.# #.. #.#.# ###
#.#.#


You could see 5 orcs.

Vanquished Creatures
  Sigmund (D:3)
  2 adders
  2 oozes
  A worm (D:2)
  4 dart slugs
  3 leopard geckos
  3 giant cockroaches (D:2)
  7 goblins
  7 hobgoblins
  5 jackals (D:2)
  6 kobolds
  A quokka (D:2)
  2 ball pythons
  6 bats
  2 frilled lizards
  10 rats
62 creatures vanquished.

Notes
Turn   | Place    | Note
-------+----------+-------------------------------------------
     0 | D:1      | PentaManta the Octopode Assassin began the quest for the
                  | Orb.
     0 | D:1      | Reached XP level 1. HP: 14/14 MP: 1/1
    81 | D:1      | Reached XP level 2. HP: 19/19 MP: 2/2
   223 | D:1      | Reached XP level 3. HP: 23/24 MP: 3/3
   546 | D:2      | Found an ornate altar of the Wu Jian Council.
   547 | D:2      | Found a hide-covered altar of Uskayaw.
   585 | D:2      | Became a worshipper of Uskayaw the Reveler
   612 | D:2      | Reached * piety under Uskayaw
   737 | D:2      | Found a sparkling altar of Nemelex Xobeh.
   741 | D:2      | Reached XP level 4. HP: 29/29 MP: 4/4
   743 | D:2      | Reached ** piety under Uskayaw
  1005 | D:2      | Reached skill level 6 in Stealth
  1027 | D:2      | Reached skill level 1 in Shields
  1140 | D:3      | Noticed Sigmund
  1149 | D:3      | Killed Sigmund
  1149 | D:3      | Reached XP level 5. HP: 24/34 MP: 3/5
  1149 | D:3      | Reached XP level 6. HP: 28/39 MP: 3/6
  1176 | D:3      | Slain by an orc

Levels and vault maps discovered:
D:1:      dpeg_arrival_boxes_within_box, layout_rooms
D:2:      layout_rooms, lemuel_crystal_altar, gammafunk_temple_overflow_statue,
          serial_forest, infiniplex_forest_end_double,
          infiniplex_forest_clump_small, infiniplex_forest_clump_small,
          infiniplex_forest_3_way, minmay_unequal
D:3:      layout_loops_ring, grunt_temple_overflow_holy_war,
          chequers_ecumenical_altar_twisty, uniq_crazy_yiuf_cottage,
          uniq_sigmund

Skill      XL: |  1  2  3  4 |
---------------+-------------+-----
Dodging        | 2 3 |  3.8
Stealth        | 6 |  6.5
Shields        | 1 |  1.9
Short Blades   | 3 |  3.3
Fighting       | |  2.0
Throwing       | |  2.0

Action                   |  1- 3 |  4- 6 || total
-------------------------+-------+-------++-------
Melee: Dagger            |    71 |    33 ||   104
       Constrict         |    16 |     7 ||    23
       Tentacles         |     9 |     4 ||    13
Throw: Dart              |       |     5 ||     5
 Stab: Sleeping          |    13 |     8 ||    21
Armor: Skin              |     3 |     1 ||     4
Dodge: Dodged            |    39 |    15 ||    54
Block: Buckler           |     5 |     3 ||     8
